 Dungeon Crawl Stone Soup version 0.28-a0-1505-g8c907de6ad (webtiles) character file.

Game seed: 15643447692596970568

2256 sanka the Insei (level 9, 0/68 HPs)
             Began as a Gnoll Transmuter on Jan 13, 2022.
             Slain by a wight (10 damage)
             ... on level 7 of the Dungeon.
             The game lasted 00:11:36 (8090 turns).

sanka the Insei (Gnoll Transmuter)                  Turns: 8090, Time: 00:11:36

Health: 0/68       AC:  2    Str: 16    XL:     9   Next: 37%
Magic:  18/18      EV: 24    Int: 16    God:
Gold:   321        SH:  0    Dex: 18    Spells: 15/21 levels left

rFire   . . .      SeeInvis .     - Unarmed
rCold   . . .      Faith    .   (shield currently unavailable)
rNeg    . . .      Spirit   .   (armour currently unavailable)
rPois   x          Reflect  .   (helmet currently unavailable)
rElec   .          Harm     .   (cloak currently unavailable)
rCorr   +          Rampage  .   (gloves currently unavailable)
Will    .....                   (boots currently unavailable)
Stlth   +++.......              (no amulet)
HPRegen 0.21/turn               z - +6 ring of strength
MPRegen 0.16/turn               r - ring of resist corrosion

@: spider-form (expiring)
A: venomous fangs, tiny, (fangs 1), strong nose, distributed training
a: End Transformation


You were on level 7 of the Dungeon.
You were a venomous arachnid creature.
You visited 2 branches of the dungeon, and saw 8 of its levels.

You collected 321 gold pieces.


Innate Abilities, Weirdness & Mutations

You are a venomous arachnid creature.
You have poisonous fangs.
You are tiny and dextrous.
Your spellcasting is less reliable in this form.
Your armour is entirely melded.
You are incapable of wielding weapons or throwing items.
((You have very sharp teeth.))
Your uncanny sense of smell can sniff out nearby items.
Your experience applies equally to all skills.


   Skills:
 + Level 5.0 Fighting
 + Level 4.2 Short Blades
 + Level 4.2 Long Blades
 + Level 4.2 Axes
 + Level 4.2 Maces & Flails
 + Level 4.2 Polearms
 + Level 4.2 Staves
 + Level 4.2 Slings
 + Level 4.2 Bows
 + Level 4.2 Crossbows
 + Level 4.2 Throwing
 + Level 4.2 Armour
 + Level 6.3 Dodging
 + Level 4.2 Stealth
 + Level 4.2 Shields
 + Level 7.8 Unarmed Combat
 + Level 6.6 Spellcasting
 + Level 3.4 Conjurations
 + Level 3.4 Hexes
 + Level 3.4 Summonings
 + Level 3.4 Necromancy
 + Level 3.4 Translocations
 + Level 5.2 Transmutations
 + Level 3.4 Fire Magic
 + Level 3.4 Ice Magic
 + Level 3.4 Air Magic
 + Level 3.4 Earth Magic
 + Level 3.4 Poison Magic
 + Level 4.6 Invocations
 + Level 4.2 Evocations


You had 15 spell levels left.
You knew the following spells:

 Your Spells              Type           Power      Damage    Failure   Level
x - Spider Form           Tmut/Pois      19%        N/A       19%         3
y - Wereblood             Tmut           22%        N/A       9%          2
z - Beastly Appendage     Tmut           44%        N/A       7%          1

Your spell library contained the following spells:

 Spells                   Type           Power      Damage    Failure   Level
 Animate Skeleton         Necr           32%        N/A       11%         1
 Apportation              Tloc           32%        N/A       11%         1
 Summon Small Mammal      Summ           64%        N/A       11%         1
 Scorch                   Fire           32%        2d6       14%         2
 Portal Projectile        Hex/Tloc       32%        N/A       24%         3
 Ice Form                 Ice/Tmut       19%        N/A       43%         4
 Flame Wave               Conj/Fire      16%        2d5       52%         4
 Blade Hands              Tmut           11%        N/A       61%         5
 Excruciating Wounds      Necr           8%         N/A       83%         5
 Fireball                 Conj/Fire      8%         3d6       83%         5
 Starburst                Conj/Fire      8%         6d4       100%        6
 Summon Cactus Giant      Summ           8%         N/A       100%        6
 Ignition                 Fire           8%         3d5       100%        8

Inventory:

Missiles
 A - a throwing net {=f}
Armour
 k - the +2 robe of Xom's Generosity (melded) {Fly}

   Fly:       It grants you flight.
 w - a +0 pair of gloves (melded)
Magical Staves
 m - a staff of fire (melded)
 D - a staff of death
Jewellery
 a - a ring of fire
 g - a ring of fire
 r - a ring of resist corrosion (right front leg)
 z - a +6 ring of strength (left front leg)
Wands
 x - a wand of iceblast (4)
 B - a wand of acid (10)
Scrolls
 b - 2 scrolls of teleportation {unknown}
 c - 6 scrolls of identify {unknown}
 d - 2 scrolls of blinking {unknown}
 e - a scroll of enchant weapon {unknown}
 f - 2 scrolls of amnesia {unknown}
 h - 3 scrolls of fog {unknown}
 j - a scroll of holy word {unknown}
 l - a scroll of immolation {unknown}
 n - a scroll of noise {unknown}
 v - a scroll of magic mapping {unknown}
 y - 3 scrolls of enchant armour {unknown}
Potions
 i - a potion of ambrosia {unknown}
 o - 2 potions of attraction {unknown}
 p - a potion of invisibility {unknown}
 q - 3 potions of curing {unknown}
 s - a potion of mutation {unknown}
 t - a potion of heal wounds {unknown}
 u - a potion of resistance {unknown}
 C - a potion of haste {unknown}

Dungeon Overview and Level Annotations

Branches:
Dungeon (7/15)             Temple (1/1) D:6

Altars:
Ashenzari
Cheibriados
Dithmenos
Elyvilon
Fedhas
Hepliaklqana
Makhleb
Nemelex Xobeh
Qazlal
Ru
Sif Muna
Trog
Uskayaw
Vehumet
Wu Jian
Xom
Yredelemnul
The Shining One

Shops:
D:7

*
..................▒..)........
.........▒▒.......▒▒..........
.....▒▒▒▒▒▒......▒▒▒..........
..... ▒▒.........▒ ▒▒.........
.....▒▒..{[......▒▒▒..........
... ......{.z.................
... ?......yy.................
..!....yzy.▒▒..▒▒▒▒....▒▒▒
......▒▒.s.▒..▒▒ ▒.....▒
...............▒▒▒▒)....▒
................▒.....▒▒▒
.....▒▒▒......▒▒.....▒▒▒ ▒....
▒........▒...▒..▒ ....
▒▒▒.......▒▒▒...▒
▒........∩....▒▒
▒....[..▒▒▒....▒
▒...▒..▒..<▒...▒


You could see 4 vampire mosquitoes and 2 wights.


Message History

A wight comes into view. It is wielding a +4 falchion.
A wight comes into view. It is wielding a +0 great sword.
A wight comes into view. It is wielding a +2 hand axe.
Your transformation is almost over.
A sky beast comes into view.
Found a sedimented brown potion.
Found a scroll labelled VIFIFF SORPH.
The vampire mosquito buzzes angrily.
You hear an angry buzzing noise.
The vampire mosquito buzzes angrily.
The vampire mosquito buzzes angrily.
You hear an angry buzzing noise.
A vampire mosquito comes into view.
The wight misses you. The wight barely misses you.
The vampire mosquito completely misses you.
The wight completely misses you. The vampire mosquito bites you!
* * * LOW HITPOINT WARNING * * *
The vampire mosquito draws strength from your injuries!
The sky beast barely misses you. The vampire mosquito bites you.
* * * LOW HITPOINT WARNING * * *
The vampire mosquito draws strength from your injuries!
The vampire mosquito completely misses you.
The vampire mosquito bites you but does no damage.
The sky beast flickers out of sight!
Deactivating autopickup; reactivate with Ctrl-A.
The wight hits you with a +4 falchion!
You die...

Action                   |  1- 3 |  4- 6 |  7- 9 || total
-------------------------+-------+-------+-------++-------
Melee: Unarmed           |   121 |    78 |   206 ||   405
       Kick              |     9 |    27 |       ||    36
       Bite              |     5 |    20 |     2 ||    27
       Headbutt          |     5 |    22 |       ||    27
       Punch             |     2 |     5 |     2 ||     9
       Staff             |       |    76 |    33 ||   109
 Cast: Beastly Appendage |    12 |    19 |       ||    31
       Spider Form       |       |     4 |    26 ||    30
 Stab: Sleeping          |       |     4 |     6 ||    10
Armor: Robe              |    23 |    28 |     8 ||    59
       Skin              |       |       |    19 ||    19
Dodge: Dodged            |    90 |   100 |   242 ||   432

Levels and vault maps discovered:
D:1:      shiori_shiawase, layout_rooms, shapermc_ecumenical_altar_mp_vishouse
D:2:      layout_loops_ring, minmay_misc_feat_doors, minmay_crystal_room,
          amcnicky_mini_rare_corridor_liquid, grunt_ministairs_3
D:3:      layout_loops_ring, nicolae_yredelemnul_corpse_copse,
          minmay_strange_pillars, kennysheep_nub
D:4:      layout_basic, chequers_arboretum, serial_bayou_crossing
D:5:      layout_rooms, lemuel_round_altar, kennysheep_generic_room_14
D:6:      layout_loops_ring, ashenzari_altar_1, nicolae_overflow_crystal_walls,
          minmay_temple_entry_purple_smoke
D:7:      layout_cave_pools, mainiacjoe_overflow_alcove_2, nicolae_sextant,
          minmay_misc_feat_tower, nicolae_shop_sticking_my_neck_out
Temple:   minmay_temple_curvy_branch

Notes
Turn   | Place    | Note
-------+----------+-------------------------------------------
     0 | D:1      | sanka the Gnoll Transmuter began the quest for the Orb.
     0 | D:1      | Reached XP level 1. HP: 17/17 MP: 6/6
   162 | D:1      | Reached XP level 2. HP: 6/23 MP: 7/7
   188 | D:1      | Learned a level 2 spell: Wereblood
   795 | D:1      | Found a faded altar of an unknown god.
  1064 | D:1      | Reached XP level 3. HP: 26/28 MP: 7/9
  1089 | D:1      | Learned a level 3 spell: Spider Form
  1099 | D:1      | Reached skill level 5 in Spellcasting
  1359 | D:2      | Reached skill level 1 in Invocations
  1447 | D:2      | Reached skill level 1 in Short Blades
  1447 | D:2      | Reached skill level 1 in Long Blades
  1447 | D:2      | Reached skill level 1 in Axes
  1447 | D:2      | Reached skill level 1 in Maces & Flails
  1447 | D:2      | Reached skill level 1 in Polearms
  1447 | D:2      | Reached skill level 1 in Staves
  1447 | D:2      | Reached skill level 1 in Slings
  1447 | D:2      | Reached skill level 1 in Bows
  1447 | D:2      | Reached skill level 1 in Crossbows
  1447 | D:2      | Reached skill level 1 in Throwing
  1447 | D:2      | Reached skill level 1 in Armour
  1447 | D:2      | Reached skill level 1 in Stealth
  1447 | D:2      | Reached skill level 1 in Shields
  1447 | D:2      | Reached skill level 1 in Evocations
  1839 | D:2      | Reached skill level 1 in Conjurations
  1839 | D:2      | Reached skill level 1 in Hexes
  1839 | D:2      | Reached skill level 1 in Summonings
  1839 | D:2      | Reached skill level 1 in Necromancy
  1839 | D:2      | Reached skill level 1 in Translocations
  1839 | D:2      | Reached skill level 1 in Fire Magic
  1839 | D:2      | Reached skill level 1 in Ice Magic
  1839 | D:2      | Reached skill level 1 in Air Magic
  1839 | D:2      | Reached skill level 1 in Earth Magic
  1839 | D:2      | Reached skill level 1 in Poison Magic
  1839 | D:2      | Reached XP level 4. HP: 25/34 MP: 9/11
  2124 | D:2      | Reached XP level 5. HP: 36/40 MP: 8/12
  2272 | D:3      | Identified the +2 robe of Xom's Generosity {Fly}
  2369 | D:3      | Reached skill level 3 in Fighting
  2466 | D:3      | Found a basalt altar of Yredelemnul.
  2473 | D:3      | Reached skill level 4 in Transmutations
  3508 | D:4      | Reached skill level 2 in Invocations
  3508 | D:4      | Reached XP level 6. HP: 31/47 MP: 10/13
  3671 | D:4      | Noticed an orc warrior
  3712 | D:4      | Killed an orc warrior
  3713 | D:4      | Reached skill level 2 in Short Blades
  3713 | D:4      | Reached skill level 2 in Long Blades
  3713 | D:4      | Reached skill level 2 in Axes
  3713 | D:4      | Reached skill level 2 in Maces & Flails
  3713 | D:4      | Reached skill level 2 in Polearms
  3713 | D:4      | Reached skill level 2 in Staves
  3713 | D:4      | Reached skill level 2 in Slings
  3713 | D:4      | Reached skill level 2 in Bows
  3713 | D:4      | Reached skill level 2 in Crossbows
  3713 | D:4      | Reached skill level 2 in Throwing
  3713 | D:4      | Reached skill level 2 in Armour
  3713 | D:4      | Reached skill level 5 in Dodging
  3713 | D:4      | Reached skill level 2 in Stealth
  3713 | D:4      | Reached skill level 2 in Shields
  3713 | D:4      | Reached skill level 2 in Evocations
  3908 | D:4      | HP: 4/47 [phantom (1)]
  4308 | D:4      | Reached skill level 7 in Unarmed Combat
  4308 | D:4      | Reached XP level 7. HP: 47/52 MP: 12/15
  4363 | D:4      | Reached skill level 2 in Conjurations
  4363 | D:4      | Reached skill level 2 in Hexes
  4363 | D:4      | Reached skill level 2 in Summonings
  4363 | D:4      | Reached skill level 2 in Necromancy
  4363 | D:4      | Reached skill level 2 in Translocations
  4363 | D:4      | Reached skill level 2 in Fire Magic
  4363 | D:4      | Reached skill level 2 in Ice Magic
  4363 | D:4      | Reached skill level 2 in Air Magic
  4363 | D:4      | Reached skill level 2 in Earth Magic
  4363 | D:4      | Reached skill level 2 in Poison Magic
  4560 | D:4      | Reached skill level 3 in Invocations
  4787 | D:4      | Identified the +7 whip of the Dwarven Hall {holy, SInv}
  5119 | D:4      | Reached XP level 8. HP: 38/59 MP: 12/16
  5560 | D:5      | Entered Level 5 of the Dungeon
  5660 | D:4      | Reached skill level 4 in Fighting
  5660 | D:4      | Reached skill level 3 in Short Blades
  5660 | D:4      | Reached skill level 3 in Long Blades
  5660 | D:4      | Reached skill level 3 in Axes
  5660 | D:4      | Reached skill level 3 in Maces & Flails
  5660 | D:4      | Reached skill level 3 in Polearms
  5660 | D:4      | Reached skill level 3 in Staves
  5660 | D:4      | Reached skill level 3 in Slings
  5660 | D:4      | Reached skill level 3 in Bows
  5660 | D:4      | Reached skill level 3 in Crossbows
  5660 | D:4      | Reached skill level 3 in Throwing
  5660 | D:4      | Reached skill level 3 in Armour
  5660 | D:4      | Reached skill level 3 in Stealth
  5660 | D:4      | Reached skill level 3 in Shields
  5660 | D:4      | Reached skill level 3 in Evocations
  5751 | D:5      | Found an ornate altar of the Wu Jian Council.
  5872 | D:5      | Reached skill level 6 in Spellcasting
  6677 | D:6      | Found a broken altar of Ashenzari.
  6692 | D:6      | Reached skill level 3 in Conjurations
  6692 | D:6      | Reached skill level 3 in Hexes
  6692 | D:6      | Reached skill level 3 in Summonings
  6692 | D:6      | Reached skill level 3 in Necromancy
  6692 | D:6      | Reached skill level 3 in Translocations
  6692 | D:6      | Reached skill level 3 in Fire Magic
  6692 | D:6      | Reached skill level 3 in Ice Magic
  6692 | D:6      | Reached skill level 3 in Air Magic
  6692 | D:6      | Reached skill level 3 in Earth Magic
  6692 | D:6      | Reached skill level 3 in Poison Magic
  6692 | D:6      | Reached skill level 4 in Invocations
  6858 | D:6      | Found a sparkling altar of Nemelex Xobeh.
  6872 | D:6      | Reached skill level 6 in Dodging
  6957 | D:6      | Found a staircase to the Ecumenical Temple.
  6968 | D:6      | Reached skill level 5 in Transmutations
  6968 | D:6      | Reached XP level 9. HP: 56/66 MP: 15/18
  6971 | Temple   | Entered the Ecumenical Temple
  7822 | D:7      | Found Nafo's Neck Hole.
  7838 | D:7      | Reached skill level 4 in Short Blades
  7838 | D:7      | Reached skill level 4 in Long Blades
  7838 | D:7      | Reached skill level 4 in Axes
  7838 | D:7      | Reached skill level 4 in Maces & Flails
  7838 | D:7      | Reached skill level 4 in Polearms
  7838 | D:7      | Reached skill level 4 in Staves
  7838 | D:7      | Reached skill level 4 in Slings
  7838 | D:7      | Reached skill level 4 in Bows
  7838 | D:7      | Reached skill level 4 in Crossbows
  7838 | D:7      | Reached skill level 4 in Throwing
  7838 | D:7      | Reached skill level 4 in Armour
  7838 | D:7      | Reached skill level 4 in Stealth
  7838 | D:7      | Reached skill level 4 in Shields
  7838 | D:7      | Reached skill level 4 in Evocations
  8076 | D:7      | Reached skill level 5 in Fighting
  8090 | D:7      | Slain by a wight

Vanquished Creatures
  2 water moccasins (D:7)
  An orc warrior (D:4)
  2 black bears
  4 sky beasts
  An ogre (D:4)
  A kobold brigand (D:7)
  2 phantoms (D:4)
  A scorpion (D:5)
  A wyvern skeleton (D:5)
  A killer bee (D:7)
  8 wights
  A bullfrog zombie (D:5)
  2 hounds
  A jelly (D:2)
  A centaur zombie (D:6)
  3 bullfrog skeletons
  2 centaur skeletons
  4 iguanas
  A scorpion zombie (D:3)
  A hound zombie (D:3)
  A howler monkey zombie (D:3)
  3 gnolls (D:2)
  5 adders
  An ufetubus (D:5)
  An adder zombie (D:3)
  5 worms
  A dart slug (D:1)
  6 orcs
  6 bats
  5 endoplasms
  3 giant cockroaches (D:1)
  8 hobgoblins
  6 jackals
  6 kobolds
  4 quokkas
  5 ball pythons
  5 frilled lizards
  7 goblins
  8 rats
126 creatures vanquished.
